 Dungeon Crawl Stone Soup version 0.17-a0-1945-gfe993df (webtiles) character file.

2558 tp1 the Protected (level 9, -2/51 HPs)
             Began as a Gargoyle Berserker on Sept 30, 2015.
             Was an Elder of Trog.
             Killed by divine providence
             ... invoked by an orc priest
              (15 damage)
             ... on level 6 of the Dungeon.
             The game lasted 00:29:55 (4770 turns).

tp1 the Protected (Gargoyle Berserker)              Turns: 4770, Time: 00:29:55

Health: -2/51      AC: 17    Str: 24    XL:     9   Next: 56%
Magic:  9/9        EV: 10    Int:  8    God:    Trog [****..]
Gold:   278        SH:  0    Dex:  9    Spells: 0 memorised, 8 levels left

rFire  . . .     SeeInvis .     x - +0 battleaxe
rCold  . . .     Clarity  .     w - +0 scale mail
rNeg   + + .     SustAt   .     (no shield)
rPois  ∞         Gourm    .     (no helmet)
rElec  +         Spirit   .     (no cloak)
rCorr  .         Warding  +     u - +0 pair of gloves
rMut   .         Stasis   .     o - +0 pair of boots
MR     ++...                    n - amulet of warding
Stlth  ..........               (no ring)
                                (no ring)

@: regenerating, very resistant to hostile enchantments, extremely unstealthy
A: negative energy resistance 1, electricity resistance, unbreathing,
petrification resistance, rot immunity, AC +5
a: Burn Spellbooks, Berserk, Trog's Hand, Brothers in Arms, Renounce Religion


You were on level 6 of the Dungeon.
You worshipped Trog.
Trog was greatly pleased with you.
You were hungry.

You visited 1 branch of the dungeon, and saw 9 of its levels.

You collected 278 gold pieces.

Inventory:

Hand weapons
 a - a +0 hand axe
 x - a +0 battleaxe (weapon)
 K - the +4 mace of Lecajyse {crush, Dex+6}
   (You found it on level 6 of the Dungeon)

   It inflicts extra damage upon your enemies.
   It affects your dexterity (+6).
Armour
 o - a +0 pair of boots (worn)
 u - a +0 pair of gloves (worn)
 w - a +0 scale mail (worn)
 y - a +0 ring mail
Jewellery
 n - an amulet of warding (around neck)
Magical devices
 f - a wand of disintegration (15)
 i - a wand of frost (18)
 v - a wand of fire (9)
 B - a wand of heal wounds (3)
 J - a wand of fire (5)
Scrolls
 b - a scroll of magic mapping
 e - a scroll of immolation {unknown}
 g - 2 scrolls of enchant weapon
 k - a scroll of teleportation
 m - 2 scrolls of recharging
 s - 3 scrolls of fear
 t - 2 scrolls of remove curse
 D - a scroll of noise {unknown}
 F - 2 scrolls of identify
 G - a scroll of amnesia {unknown}
 H - a scroll of enchant armour {unknown}
 I - a scroll of acquirement {unknown}
Potions
 d - 2 potions of curing {unknown}
 h - 2 potions of heal wounds {unknown}
 j - a potion of mutation {unknown}
 l - a potion of resistance {unknown}
 p - 2 potions of poison {unknown}
 r - a potion of berserk rage {unknown}
 z - a potion of brilliance {unknown}
 A - a potion of magic {unknown}
 C - a potion of cancellation {unknown}
 E - a potion of experience {unknown}
 L - 2 potions of might {unknown}
Comestibles
 c - 5 chunks of flesh
 q - a beef jerky


   Skills:
 - Level 3.2 Fighting
 * Level 9.0 Axes
 * Level 9.7 Armour
 - Level 1.5 Dodging


You had 8 spell levels left.
You didn't know any spells.

Dungeon Overview and Level Annotations

Branches:
Dungeon (9/15)             Temple (0/1) D:5
   Lair: D:8-11         Orc: D:9-12

Altars:
Ashenzari
Fedhas
Makhleb
Nemelex Xobeh
Sif Muna
Xom
The Shining One

Shops:
D:5 }

Annotations:
D:6 Grinder


Innate Abilities, Weirdness & Mutations

You are resistant to torment.
Your stone body is resilient (AC +5).
You are immune to poison.
You resist negative energy.
You are resistant to electric shocks.
You can survive without breathing.
You are immune to petrification.
You are immune to rotting.


Message History

The giant frog zombie hits you but does no damage.
Use which ability?
Your ogre goes berserk!
You feel somewhat more hungry.
The orc hits you from afar with a trident.
The orc warrior hits you with a short sword.
* * * LOW HITPOINT WARNING * * *
The giant frog zombie hits you but does no damage.
Use which ability?
Your skin crawls.
You feel resistant to hostile enchantments.
You are feeling hungry.
The giant frog zombie hits you but does no damage.
The orc warrior closely misses you.
The orc hits you from afar with a trident.
* * * LOW HITPOINT WARNING * * *
Your ogre hits the orc warrior with a giant spiked club!
The orc priest calls down the wrath of Beogh upon you.
Something smites you!
You die...

#.....######.#
#....# ##.#.##
#.#..# #..#.##
..##.#
#.###.###
.##.. .>##
##..###.#.#
#.# .##
#..........
#.# #
#.##.###.#.# #
# #.##Zo#
...#@#.# #..
#o#.# #. o{O..
#. .......
..###.### ...
#.. .... .##
##.. #


You could see an orc warrior, an orc priest, an orc, a giant frog zombie and a
friendly ogre (berserk).

Vanquished Creatures
  A two-headed ogre (D:9)
  Sigmund (D:5)
  A wraith (D:4)
  A hungry ghost (D:7)
  Eustachio (D:4)
  3 ogres
  A sky beast (D:6)
  An orc warrior (D:6)
  An ice beast (D:4)
  A centaur (D:8)
  A big kobold (D:9)
  2 giant frogs
  2 scorpions
  A crimson imp (D:5)
  2 orc priests
  A centaur skeleton (D:4)
  2 jellies
  Crazy Yiuf (D:6)
  A giant frog skeleton (D:4)
  2 hounds
  An iguana (D:4)
  4 orc wizards
  5 worker ants
  A killer bee zombie (D:5)
  A hound skeleton (D:4)
  2 hound zombies
  10 gnolls
  4 adders
  2 oozes
  21 orcs
  6 giant cockroaches
  4 goblins
  8 hobgoblins
  4 quokkas
  2 ball pythons
  9 bats
  3 giant geckos
  5 giant newts
  9 jackals
  15 kobolds
  A quokka zombie (D:5)
  10 rats
154 creatures vanquished.

Notes
Turn   | Place    | Note
--------------------------------------------------------------
     0 | D:1      | tp1 the Gargoyle Berserker began the quest for the Orb.
     0 | D:1      | Reached XP level 1. HP: 14/14 MP: 1/1
   246 | D:1      | Reached XP level 2. HP: 14/19 MP: 2/2
   498 | D:1      | Reached XP level 3. HP: 21/23 MP: 3/3
   785 | D:2      | Reached skill level 4 in Armour
   828 | D:2      | Found a deep blue altar of Sif Muna.
   887 | D:2      | Acquired Trog's second power
   949 | D:2      | Found a burning altar of Makhleb.
  1344 | D:3      | Reached XP level 4. HP: 28/28 MP: 4/4
  1541 | D:3      | Found a shattered altar of Ashenzari.
  1726 | D:3      | Reached skill level 5 in Armour
  1965 | D:3      | Reached XP level 5. HP: 32/32 MP: 5/5
  2245 | D:4      | Noticed Eustachio
  2259 | D:4      | Killed Eustachio
  2259 | D:4      | Reached skill level 6 in Armour
  2259 | D:4      | Reached XP level 6. HP: 37/37 MP: 6/6
  2426 | D:4      | HP: 1/37 [orc priest/divine providence (10)]
  2657 | D:4      | Noticed an ice beast
  2663 | D:4      | Killed an ice beast
  2663 | D:4      | Reached XP level 7. HP: 41/41 MP: 7/7
  2738 | D:4      | Reached skill level 7 in Armour
  2741 | D:4      | Reached skill level 5 in Axes
  2784 | D:4      | Found a sparkling altar of Nemelex Xobeh.
  2784 | D:4      | Noticed a wraith
  2801 | D:4      | Killed a wraith
  3082 | D:5      | Entered Level 5 of the Dungeon
  3129 | D:5      | Found a staircase to the Ecumenical Temple.
  3153 | D:5      | Reached XP level 8. HP: 43/46 MP: 8/8
  3297 | D:5      | Reached skill level 8 in Armour
  3542 | D:5      | You fall through a shaft for 3 floors!
  3544 | D:8      | Found a blossoming altar of Fedhas.
  3560 | D:9      | Noticed a two-headed ogre
  3565 | D:9      | Killed a two-headed ogre
  3724 | D:8      | Found a shimmering altar of Xom.
  3724 | D:8      | Found a glowing golden altar of the Shining One.
  3737 | D:8      | Reached XP level 9. HP: 51/51 MP: 9/9
  4002 | D:7      | Reached skill level 9 in Armour
  4050 | D:6      | Noticed Grinder
  4062 | D:5      | Noticed Sigmund
  4070 | D:5      | Killed Sigmund
  4070 | D:5      | Acquired Trog's third power
  4139 | D:5      | Found Acuchemm's Quality Used Wands.
  4533 | D:6      | Noticed Crazy Yiuf
  4542 | D:6      | Killed Crazy Yiuf
  4551 | D:6      | Got a smoking mace
  4552 | D:6      | Identified the +4 mace of Lecajyse {crush, Dex+6} (You found it on level 6 of the Dungeon)
  4637 | D:6      | Found a sparkling altar of Nemelex Xobeh.
  4770 | D:6      | Killed from afar by an orc priest

Vault maps used:
D:1:      dpeg_arrival_water_temple_mockup, minivault_26, st_stairs_8
D:2:      lemuel_coloured_pillars_altar, lemuel_doored_altar,
          gammafunk_temple_overflow_forgotten
D:3:      ashenzari_conservatory_becter, first_bread
D:4:      grunt_nemelex_the_gamble, uniq_eustachio
D:5:      minmay_temple_entry_large_hall, nicolae_for_you_no_charge,
          uniq_sigmund
D:6:      old_standard_altar, uniq_crazy_yiuf_cottage, uniq_grinder
D:8:      nicolae_overflow_hidden_temple, gammafunk_temple_overflow_pools

Action                   |  1- 3 |  4- 6 |  7- 9 || total
-------------------------+-------+-------+-------++-------
Melee: Hand axe          |   140 |    57 |       ||   197
       Battleaxe         |       |    64 |   263 ||   327
       Mace              |       |       |    20 ||    20
Invok: Berserk           |     1 |     3 |     2 ||     6
       Trog's Hand       |       |     4 |     5 ||     9
       Burn Spellbooks   |       |       |     1 ||     1
       Brothers in Arms  |       |       |     1 ||     1
  Use: Scroll            |       |     6 |     2 ||     8
  Eat: Chunk             |     2 |     8 |     8 ||    18
       Bread ration      |       |       |     5 ||     5
       Pizza             |       |       |     2 ||     2
